 Dungeon Crawl Stone Soup version 0.17-a0-1635-gd4e48f1 (webtiles) character file.

3360 Bodrick the Digger (level 10, -4/55 HPs)
             Began as a Gargoyle Earth Elementalist on Aug 4, 2015.
             Was a Believer of Vehumet.
             Killed from afar by a gargoyle (22 damage)
             ... with a stone arrow
             ... on level 9 of the Dungeon.
             The game lasted 00:39:49 (9348 turns).

Bodrick the Digger (Gargoyle Earth Elementalist)    Turns: 9348, Time: 00:39:50

Health: -4/55      AC: 11    Str: 11    XL:     10   Next: 3%
Magic:  0/21       EV: 12    Int: 20    God:    Vehumet [**....]
Gold:   257        SH:  0    Dex: 10    Spells: 4 memorised, 13 levels left

rFire  + . .     SeeInvis .     m - +0 whip
rCold  . . .     Clarity  .     b - +0 robe
rNeg   + + .     SustAt   +     (no shield)
rPois  ∞         Gourm    .     B - +0 helmet
rElec  +         Spirit   .     (no cloak)
rCorr  .         Warding  +     (no gloves)
rMut   .         Stasis   .     v - +0 pair of boots
MR     .....                    P - amulet of warding
Stlth  ++........               l - ring of protection from fire
                                K - ring of Gala {SustAt Slay+4}

@: not resistant to hostile enchantments, unstealthy
A: negative energy resistance 1, electricity resistance, unbreathing,
petrification resistance, rot immunity, AC +7
a: Renounce Religion


You were on level 9 of the Dungeon.
You worshipped Vehumet.
Vehumet was pleased with you.
You were hungry.

You visited 2 branches of the dungeon, and saw 10 of its levels.
You also visited: Sewer.

You collected 257 gold pieces.

Inventory:

Hand weapons
 m - a +0 whip (weapon)
 z - a +0 morningstar
Missiles
 a - 155 stones (quivered)
 o - 36 poisoned needles
Armour
 b - a +0 robe (worn)
 v - a +0 pair of boots (worn)
 B - a +0 helmet (worn)
 O - a +0 buckler
Jewellery
 f - an uncursed ring of sustain attributes
 l - a ring of protection from fire (right hand)
 H - an uncursed ring of protection from magic
 I - an uncursed ring of teleportation
 K - the ring of Gala (left hand) {SustAt Slay+4}
   (You found it on level 7 of the Dungeon)

   [ring of sustain attributes]

   It sustains your strength, intelligence and dexterity.
   It affects your accuracy and damage with ranged weapons and melee attacks
   (+4).
 P - an amulet of warding (around neck)
Magical devices
 F - a wand of cold (9)
 L - a wand of magic darts (27)
Scrolls
 e - a scroll of magic mapping {unknown}
 g - 4 scrolls of remove curse
 h - a scroll of fog
 i - a scroll of recharging {unknown}
 r - 2 scrolls of enchant weapon {unknown}
 s - 2 scrolls of enchant armour {unknown}
 u - 2 scrolls of random uselessness {unknown}
 x - 3 scrolls of teleportation
 y - 2 scrolls of amnesia {unknown}
 C - a scroll of immolation {unknown}
 D - 2 scrolls of blinking {unknown}
 G - a scroll of fear {unknown}
Potions
 j - 5 potions of curing
 q - 2 potions of haste
 t - 3 potions of lignification
 w - a potion of magic
 A - a potion of cure mutation
 E - a potion of ambrosia
 M - a potion of flight
 N - a potion of brilliance {unknown}
Books
 c - a book of Geomancy

   Spells                             Type                      Level
   a - Sandblast                      Earth                        1
   b - Stoneskin                      Transmutation/Earth          2
   c - Passwall                       Transmutation/Earth          3
   d - Stone Arrow                    Conjuration/Earth            3
   e - Petrify                        Transmutation/Earth          4
   f - Lee's Rapid Deconstruction     Earth                        5
 J - a book of Beasts

   Spells                             Type                      Level
   a - Summon Butterflies             Summoning                    1
   b - Call Canine Familiar           Summoning                    3
   c - Summon Ice Beast               Ice/Summoning                4
   d - Summon Mana Viper              Hexes/Summoning              5
   e - Summon Hydra                   Summoning                    7
Comestibles
 d - 8 bread rations
 k - 7 meat rations
 n - 3 beef jerkies
 p - 8 slices of pizza


   Skills:
 + Level 2.9 Fighting
 + Level 2.7 Maces & Flails
 + Level 2.9 Armour
 + Level 2.7 Dodging
 - Level 2.1 Stealth
 + Level 0.0 Shields
 * Level 7.8 Spellcasting
 + Level 7.2 Conjurations
 - Level 0.7 Transmutations
 + Level 7.9 Earth Magic
 + Level 2.4 Evocations


You had 13 spell levels left.
You knew the following spells:

 Your Spells              Type           Power        Failure   Level  Hunger
a - Sandblast             Erth           #####.       1%          1    None
b - Stoneskin             Trmt/Erth      ####....     2%          2    None
c - Stone Arrow           Conj/Erth      #####.       1%          3    None
d - Lee's Rapid Deconstr  Erth           #####.....   12%         5    #####..


Dungeon Overview and Level Annotations

Branches:
Dungeon (9/15)             Temple (1/1) D:7
   Lair: D:8-11         Orc: D:9-12

Altars:
Ashenzari
Cheibriados
Elyvilon
Fedhas
Gozag
Kikubaaqudgha
Makhleb
Nemelex Xobeh
Okawaru
Qazlal
Ru
Sif Muna
Trog
Vehumet
Xom
Yredelemnul
Zin
The Shining One

Shops:
D:8 (*

Annotations:
D:4 2 exclusions, Dowan; Duvessa; simok's ghost, average GrGl
D:8 exclusions: upstairs and 2 more exclusions
D:9 Erolcha


Innate Abilities, Weirdness & Mutations

You are resistant to torment.
Your stone body is resilient (AC +7).
You are immune to poison.
You resist negative energy.
You are resistant to electric shocks.
You can survive without breathing.
You are immune to petrification.
You are immune to rotting.


Message History

There is an open door here.
You see here a jackal corpse.
Unknown command.
Unknown command.
The gargoyle hurls a stone arrow at you.
The stone arrow hits you!
There is an open door here.
You see here a jackal corpse.
Casting: Stone Arrow
Confirm with . or Enter, or press ? or * to list all spells.
Aiming: Stone Arrow
Press: ? - help, Shift-Dir - straight line, f/p - gargoyle
Aim: a gargoyle, wielding a flail of protection (severely damaged)
The stone arrow hits the gargoyle.
The gargoyle is almost destroyed.
* * * LOW MAGIC WARNING * * *
You see here a jackal corpse.
The gargoyle hurls a stone arrow at you.
The stone arrow hits you!
You die...

··············▒
▒▒'▒▒▒'▒······▒
···(···▒······▒
····<··▒▒┼▒···▒
▒·····▒···▒ ▒·
▒··▒▒·▒···▒
'···▒▒·9▒▒·▒···▒
▒···'··%▒··▒···▒
▒···▒···@······▒
▒▒▒ ▒···▒······▒
▒·▒▒▒···▒▒▒▒ ▒▒
▒▒·▒▒ ▒···▒
▒··▒▒ ▒▒·▒ ▒··
┼··


You could see a gargoyle.

Vanquished Creatures
  A hog (D:6)
  A wyvern (D:5)
  A yak (D:7)
  A human (D:7)
  A hippogriff (D:9)
  A black bear (D:6)
  Purgy (Sewer)
  2 orc warriors
  2 ice beasts (D:5)
  3 sky beasts
  A necrophage (D:8)
  2 ogres
  Blork the orc (D:5)
  A crocodile (D:8)
  A big kobold (D:8)
  A giant frog (D:9)
  3 scorpions
  5 wights (D:8)
  3 crimson imps
  2 iguanas (D:8)
  3 hounds
  3 jellies
  A quasit (D:6)
  2 orc priests (D:7)
  A giant frog skeleton (D:4)
  4 orc wizards
  Terence (D:3)
  6 worker ants
  2 sheep (D:7)
  A hound skeleton (D:7)
  8 adders
  3 gnolls (D:9)
  3 shadow imps
  An ooze (D:4)
  An adder skeleton (D:2)
  An adder zombie (D:6)
  2 worms
  3 giant geckos
  13 orcs
  2 ball pythons
  7 bats
  A bat skeleton (D:2)
  7 giant cockroaches
  3 goblins
  6 hobgoblins
  5 jackals
  2 giant gecko skeletons
  8 giant newts
  A jackal skeleton (D:6)
  11 kobolds
  A quokka zombie (D:2)
  3 rats
150 creatures vanquished.

Notes
Turn   | Place    | Note
--------------------------------------------------------------
     0 | D:1      | Bodrick the Gargoyle Earth Elementalist began the quest for the Orb.
     0 | D:1      | Reached XP level 1. HP: 10/10 MP: 3/3
   710 | D:1      | Reached XP level 2. HP: 13/15 MP: 0/5
   768 | D:1      | Learned a level 2 spell: Stoneskin
   798 | D:2      | Found an opulent altar of Gozag.
   806 | D:2      | Found a sacrificial altar of Ru.
   806 | D:2      | Found a basalt altar of Yredelemnul.
  1095 | D:2      | Reached skill level 4 in Earth Magic
  1095 | D:2      | Reached XP level 3. HP: 19/19 MP: 5/7
  1105 | D:2      | Learned a level 3 spell: Stone Arrow
  1575 | D:3      | Found a bloodstained altar of Trog.
  1628 | D:3      | Noticed Terence
  2278 | D:3      | Killed Terence
  2278 | D:3      | Reached XP level 4. HP: 16/24 MP: 0/9
  2987 | D:4      | Reached XP level 5. HP: 28/28 MP: 6/10
  3056 | D:4      | Reached skill level 5 in Earth Magic
  3246 | D:4      | Noticed simok's ghost (average GrGl)
  3414 | D:4      | Found a radiant altar of Vehumet.
  3420 | D:4      | Became a worshipper of Vehumet
  3432 | D:4      | Noticed Duvessa
  3432 | D:4      | Noticed Dowan
  3604 | D:4      | Reached XP level 6. HP: 18/32 MP: 0/13
  3798 | D:4      | Learned a level 5 spell: Lee's Rapid Deconstruction
  3802 | D:5      | Entered Level 5 of the Dungeon
  3807 | D:5      | Reached skill level 5 in Spellcasting
  3862 | D:5      | Found a deep blue altar of Sif Muna.
  3879 | D:5      | Noticed Blork the orc
  3883 | D:5      | Killed Blork the orc
  3905 | D:5      | Reached skill level 6 in Earth Magic
  3905 | D:5      | Reached XP level 7. HP: 23/36 MP: 5/15
  4340 | D:5      | Noticed a wyvern
  4347 | D:5      | Killed a wyvern
  4748 | D:5      | Reached XP level 8. HP: 29/41 MP: 7/18
  4836 | D:5      | Reached skill level 1 in Conjurations
  5132 | D:6      | Acquired Vehumet's first power
  5132 | D:6      | Offered knowledge of Flame Tongue by Vehumet.
  5205 | D:6      | Found an ancient bone altar of Kikubaaqudgha.
  5252 | D:6      | Found a snail-covered altar of Cheibriados.
  5488 | D:6      | Found a glowing drain.
  5493 | Sewer    | Entered a sewer
  5581 | Sewer    | Noticed Purgy
  5585 | Sewer    | Killed Purgy
  5585 | Sewer    | Reached skill level 5 in Conjurations
  6043 | D:7      | Found a staircase to the Ecumenical Temple.
  6047 | D:7      | Reached skill level 7 in Earth Magic
  6055 | Temple   | Entered the Ecumenical Temple
  6078 | D:7      | Got a translucent copper ring
  6091 | D:7      | Identified the ring of Gala {SustAt Slay+4} (You found it on level 7 of the Dungeon)
  6234 | D:7      | Reached skill level 1 in Fighting
  6234 | D:7      | Reached skill level 1 in Evocations
  6234 | D:7      | Reached XP level 9. HP: 45/47 MP: 9/19
  6288 | D:6      | Reached skill level 1 in Maces & Flails
  6288 | D:6      | Reached skill level 1 in Armour
  7240 | D:8      | Offered knowledge of Throw Frost by Vehumet.
  7695 | D:8      | Noticed a hill giant
  7751 | D:8      | Found Caevvow's Antique Weapon Boutique.
  8126 | D:8      | Found Xirei's Assorted Antiques.
  8959 | D:9      | Found a stormy altar of Qazlal.
  8988 | D:9      | Reached XP level 10. HP: 55/55 MP: 2/21
  9180 | D:9      | Found a glowing golden altar of the Shining One.
  9209 | D:9      | Noticed Erolcha
  9348 | D:9      | Killed from afar by a gargoyle

Vault maps used:
D:1:      dpeg_arrival_pits
D:2:      gammafunk_temple_overflow_forgotten, serial_undead, serial_undead_e,
          serial_undead_f, serial_undead_d, serial_undead_e, first_bread
D:3:      lemuel_crystal_altar, uniq_terence
D:4:      kennysheep_goblin_castle, overflow_temple_1_default, uniq_duvessa
D:5:      led_sif_pool, uniq_blork_the_orc
D:6:      kiku_gazebo_garden_becter, lemuel_doored_altar, portal_sewer_entry_e
D:7:      minmay_temple_entry_statues_fountains, grunt_livestock
D:8:      lemuel_ice_statue, serial_shops, nicolae_shop_statue_plus,
          kennysheep_windowed_goal
D:9:      grunt_qazlal_sundering, kennysheep_mini, old_standard_altar,
          uniq_erolcha
Temple:   nicolae_temple_no_exploring_needed
Sewer:    kennysheep_door_sewer

Action                   |  1- 3 |  4- 6 |  7- 9 | 10-12 || total
-------------------------+-------+-------+-------+-------++-------
Melee: Unarmed           |     7 |       |       |       ||     7
       Whip              |       |     3 |     7 |       ||    10
       Morningstar       |       |     6 |       |       ||     6
 Cast: Sandblast         |    90 |    78 |   107 |     3 ||   278
       Stone Arrow       |       |     1 |   104 |    12 ||   117
       Lee's Rapid Decon |       |       |     1 |       ||     1
  Use: Scroll            |       |     4 |     9 |     2 ||    15
       Potion            |       |       |     1 |       ||     1
  Eat: Chunk             |     4 |     5 |    16 |     1 ||    26
